 Dungeon Crawl Stone Soup version 0.30-a0-723-gc1506a1cf0 (webtiles) character file.

Game seed: 6192076651879789645

28561 Aneyh the Fencer (level 13, -21/79 HPs)
             Began as a Tengu Monk on Jan 28, 2023.
             Was a High Priest of Okawaru.
             Demolished by a white very ugly thing (46 damage)
             ... on level 14 of the Dungeon.
             The game lasted 01:13:45 (20293 turns).

Aneyh the Fencer (Tengu Monk)                      Turns: 20293, Time: 01:13:45

Health: -21/79     AC: 16    Str: 23    XL:     13   Next: 39%
Magic:  0/14       EV: 29    Int:  8    God:    Okawaru [*****.]
Gold:   1180       SH:  0    Dex: 29    Spells: 7/12 levels left

rFire   x . .      SeeInvis +    i - +1 great sword (protect)
rCold   . . .      Faith    .    (shield currently unavailable)
rNeg    . . .      Spirit   +    T - +0 swamp dragon scales
rPois   +          Reflect  .    k - +0 hat
rElec   .          Harm     .    z - scarf {shadows}
rCorr   .          Rampage  .    g - +0 pair of gloves
Will    ++...                    (boots unavailable)
Stlth   ++++                     m - amulet of guardian spirit
HPRegen 0.33/turn                l - +6 ring of strength
MPRegen 0.14/turn                Z - ring "Boarphia" {Will++ Str+6 SInv}

@: mighty, heroic, under a protective aura, flying quickly and evasively, quick
A: beak, talons 3, nimble flight, agile 2, heat vulnerability 1
a: Renounce Religion, Heroism, Finesse, Duel


You were on level 14 of the Dungeon.
You worshipped Okawaru.
Okawaru was extremely pleased with you.
You visited 3 branches of the dungeon, and saw 17 of its levels.
You also visited: Sewer.

You collected 1310 gold pieces.
You spent 130 gold pieces at shops.

Inventory:

Hand Weapons
 h - a +1 vampiric war axe
 i - a +1 great sword of protection (weapon)
 j - a +4 battleaxe of freezing
 x - a +0 glaive
 y - a +2 triple sword of electrocution
 B - a +3 long sword of chaos
 F - a +0 longbow
 J - a +2 falchion of holy wrath
 S - a +1 long sword of flaming
 W - the +3 trident "Nemaqax" {freeze, rN+ Int+3}
   (You took it off a centaur on level 12 of the Dungeon)

   Int:       It affects your intelligence (+3).
   rN:        It protects you from negative energy.
Missiles
 a - 5 javelins
 b - 3 boomerangs of dispersal
 v - 14 boomerangs
 L - 2 throwing nets
 V - 2 curare-tipped darts
Armour
 g - a +0 pair of gloves (worn)
 k - a +0 hat (worn)
 z - a scarf of shadows (worn)
 O - +0 acid dragon scales
 R - a +2 leather armour of fire resistance
 T - +0 swamp dragon scales (worn)
Magical Staves
 n - a staff of air
Jewellery
 l - a +6 ring of strength (left hand)
 m - an amulet of guardian spirit (around neck)
 H - a ring of willpower
 Q - a ring of fire
 Y - a ring of ice
 Z - the ring "Boarphia" (right hand) {Will++ Str+6 SInv}
   (You found it on level 10 of the Dungeon)

   [ring of strength]

   Str:       It affects your strength (+6).
   SInv:      It lets you see invisible.
   Will:      It greatly increases your willpower.
Wands
 d - a wand of mindburst (15)
 r - a wand of polymorph (3)
 E - a wand of light (19)
 G - a wand of roots (24)
 I - a wand of flame (33)
 M - a wand of paralysis (20)
Scrolls
 o - 4 scrolls of magic mapping
 p - 4 scrolls of fear
 w - a scroll of brand weapon
 D - a scroll of poison
 K - 2 scrolls of blinking
 P - 5 scrolls of teleportation
Potions
 c - 2 potions of ambrosia
 e - 2 potions of might
 f - a potion of magic {unknown}
 q - 2 potions of heal wounds
 s - 3 potions of invisibility
 t - 3 potions of curing
 u - 3 potions of haste
 A - 2 potions of cancellation
 N - a potion of berserk rage
 U - a potion of brilliance
 X - 2 potions of lignification
Miscellaneous
 C - a lightning rod (4/4)


   Skills:
 * Level 8.7(13.7) Fighting
 + Level 20.2(25.2) Long Blades
 - Level 8.0(13.0) Dodging
 - Level 2.2(7.2) Stealth
 - Level 8.2 Air Magic


You had 7 spell levels left.
You knew the following spells:

 Your Spells              Type           Power      Damage    Failure   Level
a - Wereblood             Tmut           0%         N/A       69%         2
b - Vhi's Electric Charg  Tloc/Air       12%        N/A       36%         3

Your spell library contained the following spells:

 Spells                   Type           Power      Damage    Failure   Level
 Swiftness                Air            13%        N/A       7%          3
 Shock                    Conj/Air       24%        1d4       12%         1
 Airstrike                Air            6%         2d(1-17)  22%         4
 Beastly Appendage        Tmut           0%         N/A       54%         1
 Foxfire                  Conj/Fire      0%         2x1d4     54%         1
 Kiss of Death            Conj/Necr      0%         2d5       54%         1
 Scorch                   Fire           0%         2d5       69%         2
 Confusing Touch          Hex            0%         N/A       89%         3
 Ozocubu's Armour         Ice            0%         N/A       89%         3
 Spider Form              Tmut/Pois      0%         N/A       89%         3
 Arcjolt                  Conj/Air       3%         1d13      98%         5
 Dispel Undead            Necr           0%         3d6       100%        4
 Ozocubu's Refrigeration  Ice            0%         4d7       100%        7
 Disjunction              Tloc           0%         N/A       100%        8
 Maxwell's Capacitive Co  Air            6%         ∞         100%        8
 Malign Gateway           Summ/Tloc      Unusable   N/A       N/A         7

Dungeon Overview and Level Annotations

Branches:
Dungeon (14/15)            Temple (1/1) D:7            Lair (0/5) D:8
    Orc (2/2) D:10            Elf (0/3) Orc:2         Sewer (visited)
 Vaults: D:13-14

Altars:
Ashenzari
Cheibriados
Dithmenos
Elyvilon
Fedhas
Gozag
Hepliaklqana
Kikubaaqudgha
Makhleb
Nemelex Xobeh
Okawaru
Qazlal
Ru
Sif Muna
Trog
Uskayaw
Vehumet
Wu Jian
Xom
Yredelemnul
Zin
The Shining One

Shops:
Orc:2 (?

Portals:
Ice
Cave: D:14

Annotations:
D:8 2 transporters
Orc:2 Josephine
Abyss:1 Gastronok


Innate Abilities, Weirdness & Mutations

You have a beak for a mouth.
You have claws for feet.
Your magical nature lets you fly swiftly and evasively.
You are very agile. (Dex +8, Str/Int -2)
You are vulnerable to heat. (rF-)


Message History

You peck the cyan ugly thing!
The cyan ugly thing is heavily wounded.
The white ugly thing misses you.
You hit the cyan ugly thing. You claw the cyan ugly thing.
Your peck misses the cyan ugly thing.
The cyan ugly thing is severely wounded.
A white very ugly thing comes into view.
The white very ugly thing gurgles horribly!
You slice the cyan ugly thing!!
You kill the cyan ugly thing!
Okawaru accepts your kill. The white ugly thing barely misses you.
You barely miss the white ugly thing.
The white ugly thing closely misses you.
You hit the white ugly thing. You claw the white ugly thing.
You peck the white ugly thing!
The white ugly thing is moderately wounded.
You completely miss the white ugly thing.
You claw the white ugly thing.
The white ugly thing is moderately wounded.
The white ugly thing misses you.
You barely miss the white ugly thing. You peck the white ugly thing.
The white ugly thing is moderately wounded.
The white ugly thing completely misses you.
You slice the white ugly thing!!
The white ugly thing is severely wounded.
The white ugly thing misses you.
You slice the white ugly thing!!
You kill the white ugly thing!
Okawaru accepts your kill.
You feel much better. The white very ugly thing pecks you.
The white very ugly thing freezes you!!!
You cut the white very ugly thing into ribbons!!!
You claw the white very ugly thing!
You peck the white very ugly thing, but do no damage.
The white very ugly thing is severely wounded.
The white very ugly thing pecks you.
The white very ugly thing freezes you!!!
Ouch! That really hurt!
You die...

,,*,,,,,*,,#.##.#*********** *,#.
,,*,,,,,**,#....# #...*,* *,#.
,,*,,,,∩*,,#.#..#####...### *,#.
,,*******,,#.#..†....>....# *,#.
,,,*,,,*,*,#.†............####,#.
,,,+,,,*,,.#†..........##....###.
,,,*,,,*,,.....#.#.....y#..#...y.
,,,*,,,*,#.............yyuy......
,,,*,,,*,....#..@†...#........#..
,,,*,,,*.........u.......#.#..#..
,,,*,,,#.....#...∩.......#....#.#
**,*,,,***...............#....#.#
**,*,,,**,...#...........#.#..#.#
,,,*,,,**,.............).#....#,*
,,,*,,,**,#............,**,,,,*,*
*,,*,,,,,,*,,,,,,,,,,,,,,,,*,,*,*
*,,*,,,,,,*,,,,,,,,,,,,**,,*,,,,*


You could see a white very ugly thing.

Vanquished Creatures
  Frances (D:12)
  Erolcha (D:10)
  2 centaur warriors (D:13)
  2 boulder beetles
  A two-headed ogre (D:12)
  2 orc high priests (Orc:2)
  4 skeletal warriors
  4 lindwurms (D:10)
  10 ugly things
  2 orc knights
  2 gargoyles
  2 unseen horrors (D:10)
  Psyche (D:12)
  Maggie (D:8)
  3 trolls
  A hornet (D:10)
  4 slime creatures (D:14)
  A shadow (D:12)
  3 wraiths
  7 yaks
  A vampire (D:12)
  3 steam dragons
  5 vampire mosquitoes
  A basilisk (D:12)
  2 wargs
  2 water moccasins (D:6)
  2 acid dragons
  18 orc warriors
  2 black bears
  2 ice beasts (D:6)
  9 ogres
  12 centaurs
  A phantom (D:7)
  2 kobold brigands (D:7)
  4 bullfrogs
  2 gnoll sergeants (D:10)
  4 scorpions
  2 killer bees
  An electric eel (D:11)
  A howler monkey (D:6)
  4 crimson imps (D:6)
  2 jellies
  2 hounds
  11 orc priests
  2 iguanas
  23 orc wizards
  Natasha (D:2)
  15 gnolls
  20 adders
  5 river rats (Sewer)
  A shadow imp (D:7)
  A white imp (D:6)
  2 ufetubi (D:6)
  A worm (D:3)
  3 dart slugs
  65 orcs
  9 bats
  9 endoplasms
  5 giant cockroaches
  6 hobgoblins
  3 jackals (D:1)
  15 kobolds
  5 quokkas
  10 ball pythons
  7 frilled lizards
  11 goblins
  26 rats
394 creatures vanquished.

Vanquished Creatures (others)
  A wizard (D:8)
  An orc wizard (Orc:2)
  6 plants
8 creatures vanquished.

Grand Total: 402 creatures vanquished

Notes
Turn   | Place    | Note
-------+----------+-------------------------------------------
     0 | D:1      | Aneyh the Tengu Monk began the quest for the Orb.
     0 | D:1      | Reached XP level 1. HP: 14/14 MP: 2/2
    31 | D:1      | Found a faded altar of an unknown god.
    34 | D:1      | Reached XP level 2. HP: 19/19 MP: 3/3
   297 | D:1      | Reached XP level 3. HP: 20/23 MP: 4/4
   443 | D:1      | Reached skill level 4 in Long Blades
  1253 | D:2      | Reached XP level 4. HP: 28/28 MP: 5/5
  1613 | D:2      | Noticed Natasha
  1625 | D:2      | Killed Natasha
  1818 | D:2      | Gained mutation: Your magical nature lets you fly swiftly
                  | and evasively. [Tengu growth]
  1818 | D:2      | Reached XP level 5. HP: 33/33 MP: 6/6
  2158 | D:3      | Reached skill level 5 in Long Blades
  2170 | D:3      | Found a glowing drain.
  2236 | Sewer    | Entered a sewer
  2549 | Sewer    | Reached skill level 6 in Long Blades
  2549 | Sewer    | Reached XP level 6. HP: 11/38 MP: 7/7
  2789 | Sewer    | Reached skill level 7 in Long Blades
  2794 | Sewer    | Reached XP level 7. HP: 27/43 MP: 8/8
  3810 | D:3      | Reached skill level 8 in Long Blades
  4255 | D:4      | Found a glowing silver altar of Zin.
  4404 | D:5      | Entered Level 5 of the Dungeon
  4430 | D:5      | Reached skill level 9 in Long Blades
  4525 | D:5      | Reached XP level 8. HP: 16/48 MP: 9/9
  4711 | D:5      | Learned a level 2 spell: Wereblood
  5446 | D:6      | Reached skill level 10 in Long Blades
  5631 | D:6      | Reached skill level 11 in Long Blades
  5802 | D:6      | Found a shimmering altar of Xom.
  5865 | D:6      | Reached XP level 9. HP: 32/52 MP: 10/10
  6063 | D:6      | Reached skill level 12 in Long Blades
  6487 | D:5      | Reached skill level 13 in Long Blades
  6986 | D:6      | Reached skill level 14 in Long Blades
  7863 | D:7      | Found a sacrificial altar of Ru.
  7925 | D:7      | Found a sparkling altar of Nemelex Xobeh.
  7948 | D:7      | Found a staircase to the Ecumenical Temple.
  7966 | Temple   | Entered the Ecumenical Temple
  8021 | Temple   | Became a worshipper of Warmaster Okawaru
  8021 | Temple   | Reached * piety under Okawaru
  8021 | Temple   | Reached ** piety under Okawaru
  8177 | D:7      | Reached XP level 10. HP: 48/56 MP: 9/11
  8744 | D:8      | Found a transporter.
  8754 | D:8      | You are sucked into a shaft and drop 2 floors!
  8754 | D:10     | Entered Level 10 of the Dungeon
  8785 | D:10     | Found a staircase to the Orcish Mines.
  8793 | D:10     | Found a hide-covered altar of Uskayaw.
  9038 | D:9      | Noticed Gastronok
  9047 | D:9      | Reached skill level 15 in Long Blades
  9057 | D:9      | Banished Gastronok
  9144 | D:9      | Reached skill level 16 in Long Blades
  9165 | D:9      | Learned a level 3 spell: Vhi's Electric Charge
  9281 | D:9      | Reached skill level 1 in Air Magic
  9448 | D:8      | Found a staircase to the Lair.
  9524 | D:8      | Found a transporter.
  9921 | D:8      | Noticed Maggie
  9934 | D:8      | Killed Maggie
  9935 | D:8      | Found a bloodstained altar of Trog.
  9972 | D:8      | Noticed a wizard
  9975 | D:8      | Killed a wizard
 10239 | D:9      | Reached *** piety under Okawaru
 10479 | D:9      | Gained mutation: You are agile. (Dex +4, Str/Int -1)
                  | [potion of mutation]
 10479 | D:9      | Gained mutation: You are very agile. (Dex +8, Str/Int -2)
                  | [potion of mutation]
 10542 | D:9      | Reached skill level 17 in Long Blades
 10542 | D:9      | Reached XP level 11. HP: 60/61 MP: 10/12
 10870 | D:10     | Noticed Erolcha
 10879 | D:10     | Killed Erolcha
 11032 | D:10     | Received a gift from Okawaru
 11035 | D:10     | Reached **** piety under Okawaru
 11544 | D:10     | Noticed a lindwurm
 11572 | D:10     | Noticed a lindwurm
 11598 | D:10     | Noticed a lindwurm
 11670 | D:10     | Noticed a lindwurm
 11959 | D:10     | Killed a lindwurm
 11959 | D:10     | Received a gift from Okawaru
 12002 | D:10     | Killed a lindwurm
 12003 | D:10     | Reached skill level 18 in Long Blades
 12003 | D:10     | Reached skill level 5 in Air Magic
 12032 | D:10     | Killed a lindwurm
 12077 | D:10     | Killed a lindwurm
 12244 | D:10     | Got the Incunable of the Seven Wishes
 12247 | D:10     | Identified the ring "Boarphia" {Will++ Str+6 SInv}
 12464 | D:11     | Noticed a boulder beetle
 12475 | D:11     | Killed a boulder beetle
 12733 | D:11     | Noticed a skeletal warrior
 12735 | D:11     | Noticed a skeletal warrior
 12735 | D:11     | Noticed a skeletal warrior
 12735 | D:11     | Noticed a skeletal warrior
 14420 | D:10     | Killed a skeletal warrior
 14421 | D:10     | Reached skill level 5 in Dodging
 14595 | D:11     | Noticed a brown ugly thing
 14760 | D:10     | Killed a skeletal warrior
 15052 | D:10     | Killed a skeletal warrior
 15104 | D:11     | Killed a skeletal warrior
 15105 | D:11     | Reached XP level 12. HP: 32/66 MP: 6/13
 15348 | Orc:1    | Entered Level 1 of the Orcish Mines
 16645 | Orc:2    | Entered Level 2 of the Orcish Mines
 16645 | Orc:2    | Noticed an orc high priest
 16737 | Orc:2    | Reached ***** piety under Okawaru
 16916 | Orc:2    | Killed an orc high priest
 17105 | Orc:1    | Reached skill level 5 in Fighting
 17361 | Orc:2    | Noticed an orc high priest
 17561 | Orc:2    | Gained mutation: You are vulnerable to heat. (rF-) [a
                  | neqoxec]
 17605 | Orc:2    | Killed an orc high priest
 17642 | Orc:2    | Found a staircase to the Elven Halls.
 17649 | Orc:2    | Found Saekean's Magic Scroll Shoppe.
 17658 | Orc:2    | Bought a scroll of teleportation for 39 gold pieces
 17658 | Orc:2    | Bought a scroll of fear for 52 gold pieces
 17658 | Orc:2    | Bought a scroll of teleportation for 39 gold pieces
 17659 | Orc:2    | Found Dich's Antique Weapon Boutique.
 17756 | Orc:2    | Noticed Josephine
 18326 | D:11     | Reached skill level 19 in Long Blades
 18782 | D:12     | Noticed Frances
 18802 | D:12     | Noticed a soul eater
 18809 | D:12     | Killed Frances
 18943 | D:12     | Noticed Psyche
 18947 | D:12     | Killed Psyche
 19045 | D:12     | Noticed a two-headed ogre
 19063 | D:13     | Received a gift from Okawaru
 19101 | D:12     | Killed a two-headed ogre
 19143 | D:12     | Found an iron altar of Okawaru.
 19244 | D:12     | Noticed a boulder beetle
 19251 | D:12     | Identified the +3 trident "Nemaqax" {freeze, rN+ Int+3}
 19266 | D:12     | Killed a boulder beetle
 19267 | D:12     | Reached XP level 13. HP: 43/76 MP: 6/14
 19911 | D:13     | Reached skill level 20 in Long Blades
 20012 | D:14     | Received a gift from Okawaru
 20134 | D:14     | Found a frozen archway.
 20284 | D:14     | Noticed a white very ugly thing
 20293 | D:14     | Demolished by a white very ugly thing

Illustrated notes

Levels and vault maps discovered:
D:1:      dpeg_arrival_round_b, layout_loops_cross,
          ebering_ecumenical_altar_hall, serial_bayou, serial_bayou_lake_a,
          serial_bayou_ford_a, serial_bayou_pond_b, serial_bayou_shore_b,
          kennysheep_another_room, kennysheep_flooded_box, item_on_display_a
D:2:      layout_loops_corners, uniq_natasha
D:3:      layout_loops_ring, portal_sewer_entry_f, minivault_11
D:4:      layout_loops_ring, zin_treasury
D:5:      layout_cave_pools, hangedman_abyss_or_decor_passed,
          kennysheep_pointless_box, nicolae_figureground_sparkle
D:6:      layout_basic, led_xom_imps, minmay_crossroads
D:7:      layout_basic, mainiacjoe_overflow_large_starburst,
          minmay_temple_entry_overgrown
D:8:      gammafunk_steamed_eel, layout_rooms, trog_wizard, lair_entry_dummy,
          uniq_maggie
D:9:      layout_roguey, minmay_joined_circles, uniq_gastronok
D:10:     layout_gridville, nicolae_uskayaw_murder_on_the_dancefloor,
          david_orc_2, kennysheep_donut, minmay_lindwurm_lava, uniq_erolcha
D:11:     layout_basic
D:12:     layout_rooms, okawaru_altar_gauntlet_db, uniq_psyche, uniq_frances
D:13:     layout_irregular_city
D:14:     lemuel_castle_with_subvaults [lemuel_castle_interior_carwin_2],
          layout_stronghold, skrybe_vaults_entry_preservation,
          pdpol_wu_jian_five_deadly_venoms, portal_ice_cave_entry_ugly_swarm,
          lemuel_nasty_fountain
Temple:   minmay_temple_bridge_d
Orc:1:    layout_caves
Orc:2:    grunt_orc_tribal_feast, layout_caves, serial_shops,
          nicolae_shop_crystal, shop, roderic_batcave, abandoned_shop,
          uniq_josephine

Skill      XL: |  1  2  3  4  5  6  7  8  9 10 11 12 13 |
---------------+----------------------------------------+-----
Long Blades    | 4 6 7 9 11 14 17 18 19 20 | 20.2
Dodging        | 4 7 8 |  8.0
Fighting       | 4 7 8 |  8.7
Air Magic      | 3 8 |  8.2
Stealth        | |  2.2

Action                     |  1- 3 |  4- 6 |  7- 9 | 10-12 | 13-15 || total
---------------------------+-------+-------+-------+-------+-------++-------
  Melee: Falchion          |    76 |   157 |    83 |       |       ||   316
         Kick              |    18 |    31 |    67 |   230 |    29 ||   375
         Peck              |     9 |    16 |    44 |   140 |    16 ||   225
         Punch             |     1 |     1 |     2 |     8 |       ||    12
         Long sword        |       |       |   152 |   342 |       ||   494
         Halberd           |       |       |       |    16 |       ||    16
         Great sword       |       |       |       |   257 |    68 ||   325
         Triple sword      |       |       |       |       |     1 ||     1
   Fire: Shortbow          |       |       |       |    96 |       ||    96
  Throw: Boomerang         |       |       |    21 |    30 |       ||    51
   Cast: Vhi's Electric Ch |       |       |       |    24 |     6 ||    30
 Invoke: Heroism           |       |       |       |     6 |     1 ||     7
    Use: Scroll            |       |     5 |    12 |    13 |     3 ||    33
         Potion            |       |     6 |     2 |     6 |     2 ||    16
   Stab: Sleeping          |     4 |     4 |     4 |     6 |       ||    18
         Distracted        |     1 |     1 |       |       |       ||     2
         Confused          |       |       |       |     1 |       ||     1
         Paralysed         |       |       |       |     1 |       ||     1
 Armour: Robe              |    11 |    16 |     9 |       |       ||    36
         Skin              |       |   186 |     4 |       |       ||   190
         Leather armour    |       |       |    17 |     5 |       ||    22
         Swamp dragon scal |       |       |       |    89 |    18 ||   107
         Acid dragon scale |       |       |       |     6 |       ||     6
         Steam dragon scal |       |       |       |     1 |       ||     1
  Dodge: Dodged            |    44 |   123 |   158 |   528 |    52 ||   905

Table legend: (Time is in decaauts)
 A = Elapsed time spent in this place.
 B = Non-inter-level travel time spent in this place.
 C = Inter-level travel time spent in this place.
 D = Time resting spent in this place.
 E = Time spent auto-exploring this place.
 F = Levels seen in this place.
 G = Mean time per level.
                   A        B        C        D        E       F      G
               +--------+--------+--------+--------+--------+-----+--------+
         Total |  19391 |  18845 |    546 |   7376 |   7404 |  18 | 1077.3 |
       Dungeon |  16875 |  16438 |    437 |   6074 |   7003 |  14 | 1205.4 |
        Temple |     69 |     55 |     14 |      0 |     39 |   1 |   69.0 |
  Orcish Mines |   1690 |   1596 |     94 |    889 |    232 |   2 |  845.0 |
         Sewer |    756 |    756 |      0 |    413 |    129 |   1 |  756.0 |
               +--------+--------+--------+--------+--------+-----+--------+

Top non-repeatable levels by time:
    D:10: 4543 daAuts
     D:6: 1482 daAuts
     D:9: 1278 daAuts
    D:11: 1248 daAuts
     D:2: 1174 daAuts
   Orc:1: 1134 daAuts
     D:5: 1121 daAuts
     D:4: 1044 daAuts
    D:12: 1014 daAuts
     D:7: 1007 daAuts
     D:1: 894 daAuts
     D:3: 815 daAuts
   Sewer: 756 daAuts
     D:8: 678 daAuts
   Orc:2: 556 daAuts
